 Dungeon Crawl Stone Soup version 0.31-a0-656-gb4d89c20fa (webtiles) character file.

Game seed: 15039504906702122258

80 arthad the Trooper (level 4, 0/29 HPs)
             Began as a Gargoyle Fighter on Aug 30, 2023.
             Killed by divine providence
             ... invoked by an orc priest
              (15 damage)
             ... on level 3 of the Dungeon.
             The game lasted 00:02:51 (1819 turns).

arthad the Trooper (Gargoyle Fighter)               Turns: 1819, Time: 00:02:52

Health: 0/29       AC: 10    Str: 22    XL:     4   Next: 39%
Magic:  4/4        EV:  9    Int:  8    God:
Gold:   120        SH:  4    Dex:  9    Spells: 3/3 levels left

rFire   . . .        a - +0 flail
rCold   + . .        c - +0 buckler
rNeg    + . .        b - +0 scale mail
rPois   ∞            (no helmet)
rElec   +            (no cloak)
rCorr   .            (no gloves)
SInv    .            (no boots)
Will    .....        (no amulet) Stlth
                     n - ring of protection from cold
HPRegen 0.24/turn    (no ring)
MPRegen 0.09/turn

%: no passive effects
@: weak-willed
A: sickness immunity, AC +3, negative energy resistance 1, electricity
resistance, torment resistance 1, petrification resistance
a: no special abilities


You were on level 3 of the Dungeon.
You visited 1 branch of the dungeon, and saw 3 of its levels.

You collected 120 gold pieces.

Inventory:

Hand Weapons
 a - a +0 flail (weapon)
Missiles
 k - 2 atropa-tipped darts
Armour
 b - a +0 scale mail (worn)
 c - a +0 buckler (worn)
Jewellery
 f - a ring of fire
 m - a ring of magical power
 n - a ring of protection from cold (left hand)
 p - an amulet of regeneration
Scrolls
 h - a scroll of identify
 i - a scroll of butterflies
 q - a scroll of teleportation {unknown}
Potions
 d - a potion of might
 e - 3 potions of curing {unknown}
 j - a potion of heal wounds {unknown}
 l - 2 potions of cancellation {unknown}


   Skills:
 + Level 4.0 Fighting
 + Level 2.8 Maces & Flails
 + Level 4.0 Armour
 + Level 3.9 Shields


You had 3 spell levels left.
You didn't know any spells.
Your spell library was empty.

Dungeon Overview and Level Annotations

Branches:
Dungeon (3/15)

Altars:

Shops:
D:1 =


Innate Abilities, Weirdness & Mutations

You are immune to sickness and miasma.
Your stone body is resilient. (AC +3)
You are immune to poison.
You resist negative energy. (rN+)
You are resistant to electric shocks. (rElec)
You are resistant to unholy torment.
You are immune to petrification.


Message History

The kobold closely misses you.
You barely miss the giant cockroach. You block the giant cockroach's attack.
The kobold closely misses you. The giant cockroach closely misses you.
You barely miss the giant cockroach. The kobold hits you with a +0 whip.
The giant cockroach barely misses you. The kobold hits you but does no damage.
An orc comes into view. It is wielding a +0 war axe.
You are too injured to fight recklessly!
You are too injured to fight recklessly!
You are too injured to fight recklessly!
You are too injured to fight recklessly!
You are too injured to fight recklessly!
You are too injured to fight recklessly!
You are too injured to fight recklessly!
You are too injured to fight recklessly!
You are too injured to fight recklessly!
You are too injured to fight recklessly!
You are too injured to fight recklessly!
The giant cockroach attacks as it pursues you!
The giant cockroach barely misses you.
As you read the scroll labelled WUSHYQEDDYCK, it crumbles to dust.
Magic quickly surges around you.
It was a scroll of vulnerability.
The giant cockroach bites you but does no damage.
As you read the scroll labelled LIEDEWU TYMO, it crumbles to dust.
It is a scroll of identify.
i - a scroll of butterflies The giant cockroach bites you but does no damage.
You block the giant cockroach's attack.
The orc wizard casts a spell.
The orc wizard flickers and vanishes!
Deactivating autopickup; reactivate with Ctrl-A.
You hear a shout!
The air fills with toxic fumes!
As you read the scroll labelled NEHIQAIKHLI, it crumbles to dust.
It was a scroll of poison.
The giant cockroach bites you but does no damage.
The giant cockroach waves its antennae.
The orc priest mumbles some strange prayers to Beogh against you.
Beogh smites you!
Ouch! That really hurt!
You die...

#.#####.#
#.# #8...
#.# #.# #.#
##... #.#
#.# #.#
#8.. #.#
#§# #.# #.#
#§# #. #§#
#. #§# #
#§#.#
#§#####@#§#
#§§§§§§§§§#
##..###B###
# #o# #{K#
...So
...§§o§.
.....§§§§.#
#...§§§§§##


You could see an orc priest (weak-willed), an adder (weak-willed), 2 orcs, a
giant cockroach (weak-willed) and a kobold (weak-willed).

Vanquished Creatures
  An adder (D:2)
  A dart slug (D:1)
  3 orcs (D:3)
  10 ball pythons
  2 bats (D:1)
  5 endoplasms
  2 giant cockroaches
  4 hobgoblins
  3 jackals (D:1)
  2 quokkas
  3 frilled lizards
  12 goblins
  7 kobolds
  3 rats
58 creatures vanquished.

Notes
Turn   | Place    | Note
-------+----------+-------------------------------------------
     0 | D:1      | arthad the Gargoyle Fighter began the quest for the Orb.
     0 | D:1      | Reached XP level 1. HP: 14/14 MP: 1/1
   146 | D:1      | Reached XP level 2. HP: 15/19 MP: 2/2
   191 | D:1      | Found Xoos's Jewellery Emporium.
   492 | D:1      | Reached XP level 3. HP: 19/24 MP: 3/3
  1161 | D:2      | Reached XP level 4. HP: 29/29 MP: 4/4
  1405 | D:2      | Found a faded altar of an unknown god.
  1819 | D:3      | Killed from afar by an orc priest

Illustrated notes

Levels and vault maps discovered:
D:1:      mushboom_english_gardens, layout_loops_ring, serial_shops, shop,
          hangedman_glass_teeth
D:2:      layout_basic, hellmonk_ecumenical_altar_pennies_from_heaven,
          minmay_goblin_outpost
D:3:      layout_loops_ring, led_sif_book, nicolae_overflow_hidden_temple,
          serial_shops, nicolae_shop_real_fake_doors, st_stairs_5,
          dilly_guarded_unrand_morg

Skill      XL: |  1  2  3  4 |
---------------+-------------+-----
Fighting       | 4 |  4.0
Armour         | 4 |  4.0
Maces & Flails | |  2.8
Shields        | |  3.9

Action                     |  1- 3 |  4- 6 || total
---------------------------+-------+-------++-------
  Melee: Flail             |   114 |    49 ||   163
    Use: Scroll            |       |     3 ||     3
 Armour: Scale mail        |    69 |    36 ||   105
  Dodge: Dodged            |    46 |    29 ||    75
  Block: Buckler           |    28 |     9 ||    37

Table legend: (Time is in decaauts)
 A = Elapsed time spent in this place.
 B = Non-inter-level travel time spent in this place.
 C = Inter-level travel time spent in this place.
 D = Time resting spent in this place.
 E = Time spent auto-exploring this place.
 F = Levels seen in this place.
 G = Mean time per level.
                   A        B        C        D        E       F      G
               +--------+--------+--------+--------+--------+-----+--------+
         Total |   1871 |   1825 |     46 |      0 |   1448 |   3 |  623.7 |
       Dungeon |   1871 |   1825 |     46 |      0 |   1448 |   3 |  623.7 |
               +--------+--------+--------+--------+--------+-----+--------+

Top non-repeatable levels by time:
     D:1: 812 daAuts
     D:2: 791 daAuts
     D:3: 267 daAuts
